 Dungeon Crawl Stone Soup version 0.28-a0-704-g4d584c6bc1 (webtiles) character file.

Game seed: 9344739370896121261

154 Astera the Covered (level 4, -10/38 HPs)
             Began as a Demigod Fighter on Oct 24, 2021.
             Killed by divine providence
             ... invoked by an orc priest
              (14 damage)
             ... on level 3 of the Dungeon.
             The game lasted 00:05:48 (2706 turns).

Astera the Covered (Demigod Fighter)                Turns: 2706, Time: 00:05:48

Health: -10/38     AC:  6    Str: 17    XL:     4   Next: 89%
Magic:  6/6        EV:  9    Int: 10    God:
Gold:   87         SH: 10    Dex: 17    Spells: 3/3 levels left

rFire   . . .      SeeInvis +   a - +0 long sword
rCold   . . .      Faith    .   c - +0 buckler
rNeg    + . .      Spirit   .   b - +0 scale mail
rPois   .          Reflect  +   (no helmet)
rElec   .          Harm     .   (no cloak)
rCorr   .          Rampage  .   (no gloves)
Will    .....                   (no boots)
Stlth   ..........              g - amulet of reflection
HPRegen 0.12/turn               m - ring of positive energy
MPRegen 0.10/turn               n - ring of see invisible

@: brilliant, about to teleport
A: high mp 1, forlorn
a: no special abilities


You were on level 3 of the Dungeon.
You visited 1 branch of the dungeon, and saw 3 of its levels.

You collected 87 gold pieces.

Inventory:

Hand Weapons
 a - a +0 long sword (weapon)
Missiles
 q - 7 poisoned darts (quivered)
Armour
 b - a +0 scale mail (worn)
 c - a +0 buckler (worn)
Jewellery
 g - an amulet of reflection (around neck)
 m - a ring of positive energy (left hand)
 n - a ring of see invisible (right hand)
Scrolls
 e - a scroll of identify {unknown}
 h - a scroll of teleportation
 j - 2 scrolls of enchant weapon {unknown}
 k - a scroll of amnesia {unknown}
 l - a scroll of fog {unknown}
 o - a scroll of brand weapon {unknown}
Potions
 d - a potion of might
 f - 2 potions of curing {unknown}
 i - 2 potions of brilliance
 p - a potion of heal wounds {unknown}


   Skills:
 + Level 3.2 Fighting
 + Level 3.3 Long Blades
 + Level 3.4 Armour
 + Level 0.6 Dodging
 + Level 0.1 Stealth
 + Level 3.2 Shields


You had 3 spell levels left.
You didn't know any spells.
Your spell library contained the following spells:

 Spells                   Type           Power      Damage    Failure   Level
 Animate Skeleton         Necr           0%         N/A       80%         1
 Apportation              Tloc           0%         N/A       80%         1
 Magic Dart               Conj           0%         1d3       80%         1
 Summon Small Mammal      Summ           0%         N/A       80%         1
 Call Imp                 Summ           0%         N/A       91%         2
 Static Discharge         Conj/Air       0%         N/A       91%         2
 Mephitic Cloud           Conj/Pois/Air  0%         N/A       99%         3
 Lightning Bolt           Conj/Air       0%         1d11      100%        5
 Maxwell's Capacitive Co  Air            0%         ∞         100%        8


Dungeon Overview and Level Annotations

Branches:
Dungeon (3/15)

Shops:
D:2 !:[


Innate Abilities, Weirdness & Mutations

Your attributes grow dramatically as you level up.
You have an increased reservoir of magic. (+10% MP)
You shall have no god before yourself.


Message History

You barely miss the orc wizard.
The orc wizard is lightly wounded.
The orc priest mumbles some strange prayers to Beogh against you.
Beogh smites you! The ball python bites you. The ball python constricts you.
The orc wizard hits you with a +0 dagger.
The orc hits you but does no damage.
The ball python bites you but does no damage.
The ball python constricts you.
You escape the ball python's grasp.
The orc wizard points at you and mumbles some strange words.
You are more confused.
Sorry, you're not good enough to have a special ability.
Unknown command.
Okay, then.
You are too confused!
The orc priest mumbles some strange prayers to Beogh against you.
Beogh smites you!
* * * LOW HITPOINT WARNING * * *
The orc priest looks satisfied for a moment.
The orc wizard points at you and mumbles some strange words.
The magic dart hits you.
* * * LOW HITPOINT WARNING * * *
The ball python barely misses you. The ball python completely misses you.
The orc hits you with a +0 whip.
* * * LOW HITPOINT WARNING * * *
The ball python barely misses you. The ball python closely misses you.
The ball python bites you but does no damage.
The ball python closely misses you.
You are too confused!
Unknown command.
It was a potion of brilliance.
You feel clever all of a sudden.
You feel less confused.
The ball python bites you but does no damage.
The ball python barely misses you.
As you read the scroll labelled WYDIZEAXERE, it crumbles to dust.
You feel strangely unstable.
It was a scroll of teleportation.
You block the ball python's attack. x2; The orc hits you but does no damage. x2
The orc priest invokes the aid of Beogh against you.
Beogh smites you!
You die...

#........## ..........###
...(........# ............####
...........[...## ####
................### #..##
#...........o.o...# ###...#
............o.S...######.....#
.........?....o@.....##......##
..............o...............##
............................†...
............................#.#
#.......................##..#.#
##..........................#.##
#####.........................
#...................#.....
.............#.#..#


You could see an orc priest, an orc wizard, 3 orcs and a ball python.

Vanquished Creatures
  A black bear (D:2)
  2 adders
  A worm (D:2)
  4 dart slugs (D:1)
  7 endoplasms
  2 giant cockroaches
  A goblin (D:1)
  3 hobgoblins
  3 kobolds
  2 quokkas (D:1)
  8 ball pythons
  3 bats (D:2)
  2 frilled lizards
  4 rats
43 creatures vanquished.

Notes
Turn   | Place    | Note
-------+----------+-------------------------------------------
     0 | D:1      | Astera the Demigod Fighter began the quest for the Orb.
     0 | D:1      | Reached XP level 1. HP: 18/18 MP: 3/3
   596 | D:1      | Reached XP level 2. HP: 24/25 MP: 4/4
  1105 | D:2      | Noticed a black bear
  1184 | D:2      | Reached XP level 3. HP: 28/30 MP: 5/5
  1428 | D:2      | Found Winlu's Distillery.
  1622 | D:2      | Found Extugiep's Book Emporium.
  1773 | D:2      | Killed a black bear
  1774 | D:2      | Reached XP level 4. HP: 13/38 MP: 6/6
  2228 | D:2      | Found Eluipponk's Antique Armour Boutique.
  2706 | D:3      | Killed from afar by an orc priest

Illustrated notes

Levels and vault maps discovered:
D:1:      eino_arrival_cavern_c, layout_basic, minmay_crystal_water
D:2:      layout_basic, serial_shops, shop, shop, nicolae_shop_statue_plus,
          guppyfry_early_lair_pool
D:3:      layout_rooms, shapermc_ecumenical_altar_mp_vishouse

Skill      XL: |  1  2  3 |
---------------+----------+-----
Armour         | 3 |  3.4
Shields        | 3 |  3.2
Long Blades    | 2 3 |  3.3
Fighting       | 3 |  3.2
Dodging        | |  0.6
Stealth        | |  0.1

Action                   |  1- 3 |  4- 6 || total
-------------------------+-------+-------++-------
Melee: Long sword        |   116 |    29 ||   145
  Use: Scroll            |       |     1 ||     1
       Potion            |       |     1 ||     1
Armor: Scale mail        |    44 |    17 ||    61
Dodge: Dodged            |    37 |    20 ||    57
Block: Buckler           |    52 |    22 ||    74

Table legend: (Time is in decaauts)
 A = Elapsed time spent in this place.
 B = Non-inter-level travel time spent in this place.
 C = Inter-level travel time spent in this place.
 D = Time resting spent in this place.
 E = Time spent auto-exploring this place.
 F = Levels seen in this place.
 G = Mean time per level.
                   A        B        C        D        E       F      G
               +--------+--------+--------+--------+--------+-----+--------+
         Total |   2754 |   2656 |     98 |    156 |   1885 |   3 |  918.0 |
       Dungeon |   2754 |   2656 |     98 |    156 |   1885 |   3 |  918.0 |
               +--------+--------+--------+--------+--------+-----+--------+

Top non-repeatable levels by time:
     D:2: 1431 daAuts
     D:1: 1168 daAuts
     D:3: 154 daAuts
